 Dungeon Crawl Stone Soup version 0.27.1-2-g3b301248ec (webtiles) character file.

Game seed: 6451570855497159117

356 Borgoz the Slasher (level 6, 0/79 HPs)
             Began as a Hill Orc Gladiator on Sept 28, 2021.
             Slain by Nanban's ghost (1 damage)
             ... on level 3 of the Dungeon.
             The game lasted 00:03:29 (3189 turns).

Borgoz the Slasher (Hill Orc Gladiator)             Turns: 3189, Time: 00:03:29

Health: 0/79       AC: 23    Str: 18      XL:     6   Next: 63%
Magic:  6/6        EV:  2    Int:  8      God:
Gold:   157        SH:  0    Dex:  6 (13) Spells: 5/5 levels left

rFire    . . .     SeeInvis .   a - +0 long sword
rCold    . . .     Faith    .   (no shield)
rNeg     + + +     Spirit   .   (armour currently unavailable)
rPois    +         Reflect  .   (helmet currently unavailable)
rElec    .         Harm     .   (cloak currently unavailable)
rCorr    .         Rampage  .   (gloves currently unavailable)
Will     .....     NoTele   +   (boots currently unavailable)
Stlth    +.........             (no amulet)
HPRegen  0.23/turn              (no ring)
MPRegen  0.10/turn              (no ring)

@: tree-form, very slightly contaminated, invisible
A: stationary, stasis, torment immunity, boosted hp, (antennae 1), inability to
read while threatened
a: no special abilities


You were on level 3 of the Dungeon.
You were a tree.
You visited 1 branch of the dungeon, and saw 3 of its levels.

You collected 157 gold pieces.

Inventory:

Hand Weapons
 a - a +0 long sword (weapon)
Armour
 b - a +0 scale mail (melded)
 c - a +0 helmet
 i - a +0 cloak (melded)
Scrolls
 e - 3 scrolls of teleportation {unknown}
 j - 2 scrolls of identify {unknown}
 k - a scroll of enchant armour {unknown}
 l - a scroll of immolation {unknown}
Potions
 n - a potion of cancellation {unknown}


   Skills:
 + Level 4.5 Fighting
 + Level 4.8 Long Blades
 - Level 1.7 Throwing
 + Level 3.3 Armour
 + Level 3.6 Dodging


You had 5 spell levels left.
You didn't know any spells.
Your spell library contained the following spells:

 Spells                   Type           Power      Damage    Failure   Level
 Tukima's Dance           Hex            0%         N/A       78%         3
 Passage of Golubria      Tloc           N/A        N/A       99%         4
 Summon Ice Beast         Ice/Summ       0%         N/A       99%         4
 Summon Mana Viper        Hex/Summ       0%         N/A       100%        5
 Yara's Violent Unravell  Hex/Tmut       0%         3d3       100%        5
 Monstrous Menagerie      Summ           0%         N/A       100%        7


Dungeon Overview and Level Annotations

Branches:
Dungeon (3/15)

Altars:
Uskayaw
Vehumet
Zin

Annotations:
D:3 1 transporter, Nanban's ghost, amateur OpMo


Innate Abilities, Weirdness & Mutations

You are a tree.
Your roots penetrate the ground, keeping you stationary.
You cannot be teleported.
You are immune to unholy pain and torment.
Your maximum health is greatly increased.
Your equipment is partially melded.
((You have a pair of small antennae on your head.))
You sometimes lose the ability to read scrolls when taking damage.


Message History

You kill the quasit!
The quasit closely misses you.
The quasit claws you but does no damage.
The quasit barely misses you. Nanban's ghost hits you.
* * * LOW HITPOINT WARNING * * *
Nanban's ghost freezes you.
* * * LOW HITPOINT WARNING * * *
The quasit closely misses you.
The quasit claws you but does no damage. x2
The quasit closely misses you. x2; The quasit barely misses you.
Nanban's ghost closely misses you.
You hit Nanban's ghost but do no damage.
Nanban's ghost completely misses you.
It was a potion of mutation.
You feel extremely strange.
You lose the ability to read scrolls when threatened.
A pair of antennae grows on your head!
Your +0 helmet falls away!
Nanban's ghost hits you but does no damage.
It was a potion of lignification.
You turn into a tree.
Your +0 cloak melds into your body.
Your +0 scale mail melds into your body.
Your roots penetrate the ground.
Nanban's ghost barely misses you.
You strike the helpless Nanban's ghost from behind!
You hit Nanban's ghost but do no damage.
Nanban's ghost hits you.
* * * LOW HITPOINT WARNING * * *
Nanban's ghost freezes you.
* * * LOW HITPOINT WARNING * * *
You barely miss Nanban's ghost.
Nanban's ghost hits you but does no damage.
You completely miss Nanban's ghost. Nanban's ghost completely misses you.
You hit Nanban's ghost but do no damage.
Nanban's ghost hits you.
* * * LOW HITPOINT WARNING * * *
Nanban's ghost freezes you.
* * * LOW HITPOINT WARNING * * *
You closely miss Nanban's ghost. Nanban's ghost hits you.
* * * LOW HITPOINT WARNING * * *
Nanban's ghost freezes you.
You die...

####### #...)...≈.≈...≈
##.....###.......≈.≈._.≈
#..###...........≈.≈...≈
##.##.#####......§≈§≈≈≈≈≈
#..#......##..##..§......
#.##..#....##.....§≈§≈≈≈≈
#.#.#...#5.©#............
#.# .#.##W.##....##..###.
#.##.#..♣#.#©....##.###..
##..#$#.....##.......##..#
#..©#(=.©#...#.......##.##
#...#..#...#.#............
#..##.....#.##.........÷(#
#..#..#.#...#............#
#..#..#.#...#.............
#..##.......#.....).......
#...###...###...........##


You could see a quasit and Nanban's ghost.

Vanquished Creatures
  Sigmund (D:2)
  A black bear (D:3)
  A quasit (D:3)
  2 adders
  A worm (D:3)
  A dart slug (D:2)
  An orc (D:3)
  10 endoplasms
  A giant cockroach (D:2)
  5 goblins
  4 hobgoblins
  2 quokkas
  5 ball pythons
  3 bats (D:2)
  2 frilled lizards
  4 kobolds
  8 rats
52 creatures vanquished.

Vanquished Creatures (others)
  A fungus (D:2)
  4 toadstools (D:2)
5 creatures vanquished.

Grand Total: 57 creatures vanquished

Notes
Turn   | Place    | Note
-------+----------+-------------------------------------------
     0 | D:1      | Borgoz the Hill Orc Gladiator began the quest for the Orb.
     0 | D:1      | Reached XP level 1. HP: 18/18 MP: 1/1
   220 | D:1      | Found a glowing silver altar of Zin.
   308 | D:1      | Reached XP level 2. HP: 24/25 MP: 2/2
   527 | D:1      | Reached skill level 1 in Armour
  1056 | D:1      | Found a faded altar of an unknown god.
  1159 | D:2      | Reached XP level 3. HP: 30/30 MP: 3/3
  1836 | D:2      | Noticed Sigmund
  1851 | D:2      | Killed Sigmund
  1852 | D:2      | Reached XP level 4. HP: 12/40 MP: 4/4
  1852 | D:2      | Reached XP level 5. HP: 13/46 MP: 5/5
  2693 | D:3      | Found a hide-covered altar of Uskayaw.
  2711 | D:3      | Reached XP level 6. HP: 52/52 MP: 6/6
  2774 | D:3      | Found a radiant altar of Vehumet.
  2804 | D:3      | Noticed a black bear
  2819 | D:3      | Killed a black bear
  2965 | D:3      | Found a transporter.
  2987 | D:3      | Found a transporter.
  2991 | D:3      | Noticed Nanban's ghost (amateur OpMo)
  3183 | D:3      | Gained mutation: You sometimes lose the ability to read
                  | scrolls when taking damage. [potion of mutation]
  3183 | D:3      | Gained mutation: You have a pair of small antennae on your
                  | head. [potion of mutation]
  3189 | D:3      | HP: 1/79 [Nanban's ghost (4)]
  3189 | D:3      | Slain by Nanban's ghost

Illustrated notes

Levels and vault maps discovered:
D:1:      elethiomel_arrival_quiet, layout_loops_ring,
          shapermc_ecumenical_altar_petra, kennysheep_flooded_box
D:2:      layout_loops_corners, minmay_gold_behind_fungi, serial_park_tiny_pond,
          roderic_roman_lattice, uniq_sigmund
D:3:      layout_rooms, nicolae_hepliaklqana_ecumenical_no_more,
          mainiacjoe_overflow_concentric_impassable, lemuel_doored_altar,
          nicolae_uskayaw_murder_on_the_dancefloor, gammafunk_ghost_stat_death,
          uniq_grinder

Skill      XL: |  1  2  3  4  5  6 |
---------------+-------------------+-----
Armour         | 1 2 3 |  3.3
Fighting       | 4 |  4.5
Long Blades    | 4 |  4.8
Dodging        | 3 |  3.6
Throwing       | |  1.7

Action                   |  1- 3 |  4- 6 || total
-------------------------+-------+-------++-------
Melee: Long sword        |    84 |   106 ||   190
Throw: Throwing net      |       |     5 ||     5
  Use: Potion            |       |     4 ||     4
 Stab: Invisible         |       |     3 ||     3
       Held in net/web   |       |     1 ||     1
Armor: Leather armour    |     5 |       ||     5
       Ring mail         |     7 |       ||     7
       Scale mail        |    11 |   132 ||   143
       Skin              |       |     1 ||     1
Dodge: Dodged            |    46 |   173 ||   219
       Rpst.: Long sword |     9 |    22 ||    31
